 Dungeon Crawl Stone Soup version 0.30-a0-272-gf98c3da03f (webtiles) character file.

Game seed: 8211997296515596194

5 lunkers the Vexing (level 2, 0/23 HPs)
             Began as a Meteoran Wanderer on Oct 15, 2022.
             Frozen to death by an endoplasm (3 damage)
             ... on level 1 of the Dungeon.
             The game lasted 00:00:32 (86 turns).

lunkers the Vexing (Meteoran Wanderer)                Turns: 86, Time: 00:00:32

Health: 0/23       AC: 10    Str: 15    XL:     2   Next: 5%
Magic:  5/5        EV:  9    Int: 12    God:
Gold:   0          SH:  0    Dex: 12    Spells: 2/3 levels left

rFire   . . .      SeeInvis .    a - +0 club
rCold   . . .      Faith    .    (no shield)
rNeg    . . .      Spirit   .    c - +2 scale mail
rPois   .          Reflect  .    e - +0 helmet
rElec   .          Harm     .    (no cloak)
rCorr   .          Rampage  .    (no gloves)
Will    .....                    (no boots)
Stlth   ..........               (no amulet)
HPRegen 0.23/turn                (no ring)
MPRegen 0.09/turn                (no ring)

@: glowing
A: sense surroundings 1, otherworldly, glowing, explore regen
a: no special abilities


You were on level 1 of the Dungeon.
You visited 1 branch of the dungeon, and saw 1 of its levels.

Inventory:

Hand Weapons
 a - a +0 club (weapon)
Armour
 c - a +2 scale mail (worn)
 e - a +0 helmet (worn)
Scrolls
 d - a scroll of poison {unknown}
Potions
 b - 2 potions of lignification


   Skills:
 - Level 1.1 Fighting
 + Level 1.8 Maces & Flails
 - Level 3.6 Armour
 - Level 1.2 Dodging
 - Level 1.0 Stealth
 - Level 1.3 Spellcasting
 - Level 3.6 Hexes


You had 2 spell levels left.
You knew the following spells:

 Your Spells              Type           Power      Damage    Failure   Level
p - Slow                  Hex            36%        N/A       24%         1

Your spell library contained the following spells:

 Spells                   Type           Power      Damage    Failure   Level
 Portal Projectile        Hex/Tloc       10%        N/A       83%         3


Dungeon Overview and Level Annotations

Branches:
Dungeon (1/15) Zot: 508

Altars:


Innate Abilities, Weirdness & Mutations

You passively map a small area around you.
You are easily found by Zot.
You glow in the dark.
You regain HP and MP as you explore.


Message History

You hit the hobgoblin.
The hobgoblin is severely wounded.
The hobgoblin barely misses you. The hobgoblin hits you.
You barely miss the hobgoblin.
The hobgoblin is severely wounded.
The kobold closely misses you.
The hobgoblin hits you but does no damage.
You hit the hobgoblin but do no damage.
The hobgoblin is severely wounded.
The hobgoblin hits you but does no damage.
You barely miss the hobgoblin.
The hobgoblin is severely wounded.
The kobold hits you but does no damage. The hobgoblin hits you.
You hit the hobgoblin.
You kill the hobgoblin!
The kobold hits you with a +0 whip.
* * * LOW HITPOINT WARNING * * *
The endoplasm hits you but does no damage.
The kobold hits you but does no damage.
You have reached level 2!
You hit the endoplasm but do no damage. The kobold completely misses you.
The kobold hits you but does no damage. The endoplasm freezes you.
You are frozen.
* * * LOW HITPOINT WARNING * * *
The endoplasm hits you.
* * * LOW HITPOINT WARNING * * *
The kobold hits you but does no damage. x2
You hit the kobold but do no damage. The kobold closely misses you.
The kobold hits you but does no damage. The endoplasm freezes you.
You are frozen.
* * * LOW HITPOINT WARNING * * *
You barely miss the kobold.
The kobold hits you but does no damage. x2
The endoplasm hits you.
* * * LOW HITPOINT WARNING * * *
You closely miss the kobold. The kobold misses you. The endoplasm freezes you.
You are frozen.
You die...

, ,, * * .....
#.# , J... #.#
* *, ,...##.##
* * ## ......#
, ** ., .....#
, ,,,#. #....#
, #.##.#..# *
,, ,
,#....J@†## , ,
,###.#.KK......
, , , ,
#.###.####... ,
,, ##.#.## * *#
#.. , ##..# , *
. #.#* ** ##.#
* . #.####
#.####### , .
.....#
##.#......
.##.##.#
#.......# *


You could see an endoplasm and 2 kobolds.

Vanquished Creatures
  An endoplasm (D:1)
  A hobgoblin (D:1)
  A jackal (D:1)
  A quokka (D:1)
4 creatures vanquished.

Notes
Turn   | Place    | Note
-------+----------+-------------------------------------------
     0 | D:1      | lunkers the Meteoran Wanderer began the quest for the Orb.
     0 | D:1      | lunkers set off with the following items: a +0 club, 2
                  | potions of lignification, a +2 scale mail; and the
                  | following spell memorised: Slow; and the following spells
                  | available to memorise: Portal Projectile.
     0 | D:1      | Reached XP level 1. HP: 16/16 MP: 3/3
    45 | D:1      | Reached skill level 1 in Maces & Flails
    83 | D:1      | Reached XP level 2. HP: 13/23 MP: 5/5
    86 | D:1      | Frozen to death by an endoplasm

Illustrated notes

Levels and vault maps discovered:
D:1:      nicolae_arrival_washed_ashore, layout_loops_cross

Skill      XL: |  1 |
---------------+----+-----
Maces & Flails | 1 |  1.8
Fighting       | |  1.1
Armour         | |  3.6
Dodging        | |  1.2
Stealth        | |  1.0
Spellcasting   | |  1.3
Hexes          | |  3.6

Action                   || total
-------------------------++-------
Melee: Club              ||    21
 Cast: Slow              ||     2
Armor: Scale mail        ||    21
Dodge: Dodged            ||     5

Table legend: (Time is in decaauts)
 A = Elapsed time spent in this place.
 B = Non-inter-level travel time spent in this place.
 C = Inter-level travel time spent in this place.
 D = Time resting spent in this place.
 E = Time spent auto-exploring this place.
 F = Levels seen in this place.
 G = Mean time per level.
                   A        B        C        D        E       F      G
               +--------+--------+--------+--------+--------+-----+--------+
         Total |     90 |     90 |      0 |      0 |     42 |   1 |   90.0 |
       Dungeon |     90 |     90 |      0 |      0 |     42 |   1 |   90.0 |
               +--------+--------+--------+--------+--------+-----+--------+

Top non-repeatable levels by time:
     D:1: 90 daAuts
